 Dungeon Crawl Stone Soup version 0.26-a0-651-gb41185065b (webtiles) character file.

Game seed: 17677789859821517369

6861 Irenicus the Earth Mage (level 10, -2/74 (75) HPs)
             Began as a Deep Dwarf Earth Elementalist on Oct 5, 2020.
             Was a Priest of Makhleb.
             Slain by a death yak (11 damage)
             ... while petrified by a basilisk
             ... on level 10 of the Dungeon.
             The game lasted 00:35:00 (4752 turns).

Irenicus the Earth Mage (DDEE)                      Turns: 4752, Time: 00:35:00

HP:   -2/74 (75)    AC:  7    Str: 11    XL:     10   Next: 78%
MP:   2/22          EV:  2    Int: 20    God:    Makhleb [***...]
Gold: 563           SH:  0    Dex: 13    Spells: 15/26 levels left

rFire    . . .     SeeInvis .   k - +9 dagger (venom)
rCold    . . .     Faith    .   (no shield)
rNeg     + + +     Spirit   .   o - +0 steam dragon scales
rPois    ∞         Reflect  .   (no helmet)
rElec    .         Harm     .   u - +1 cloak
rCorr    .         Rampage  .   (no gloves)
MR       +....                  (no boots)
Stlth    ++........             (no amulet)
HPRegen  0.00/turn              m - ring of flight {+Fly, !d}
MPRegen  0.18/turn              (no ring)

@: petrified, non-regenerating
A: damage resistance, heal wounds, sense surroundings 2, no regeneration
a: Heal Wounds, Minor Destruction, Lesser Servant of Makhleb, Renounce Religion,
Evoke Flight


You were on level 10 of the Dungeon.
You worshipped Makhleb.
Makhleb was most pleased with you.
You visited 2 branches of the dungeon, and saw 11 of its levels.
You also visited: Sewer.

You collected 563 gold pieces.

Inventory:

Hand Weapons
 a - a +0 dagger
   (You found it on level 1 of the Dungeon)
 k - a +9 dagger of venom (weapon)
   (You took it off a goblin on level 2 of the Dungeon)
 p - a +3 whip of electrocution
   (You took it off an orc on level 5 of the Dungeon)
Missiles
 f - a throwing net {=f, !d}
 h - 66 stones (quivered)
 r - 8 curare-tipped darts
 v - 6 atropa-tipped darts
Armour
 o - +0 steam dragon scales (worn)
   (You found it on level 9 of the Dungeon)
 u - a +1 cloak (worn)
   (You found it on level 3 of the Dungeon)
 F - a +0 buckler
   (You found it on level 9 of the Dungeon)
Magical Staves
 E - an uncursed staff of poison {rPois}
   (You found it on level 10 of the Dungeon)
Jewellery
 m - a ring of flight (left hand) {+Fly, !d}
   (You found it on level 2 of the Dungeon)
 G - an uncursed amulet of regeneration {+regen, !d}
   (You found it on level 10 of the Dungeon)
Wands
 g - a wand of iceblast (8)
   (You took it off Ijyb on level 4 of the Dungeon)
 j - a wand of paralysis (8)
   (You found it on level 5 of the Dungeon)
 x - a wand of polymorph (8)
   (You found it on level 8 of the Dungeon)
Scrolls
 e - 3 scrolls of fog
 i - 2 scrolls of fear
 l - a scroll of acquirement {unknown}
 n - 2 scrolls of enchant armour
 q - 4 scrolls of teleportation
 w - 2 scrolls of immolation {unknown}
 y - a scroll of summoning {unknown}
 C - a scroll of remove curse
 H - a scroll of noise {unknown}
Potions
 b - a potion of cancellation
 c - 2 potions of heal wounds
 d - a potion of might
 s - 5 potions of curing
 t - 2 potions of flight
 z - a potion of lignification {!q}
 A - a potion of magic
 B - a potion of resistance
 D - a potion of ambrosia


   Skills:
 - Level 2.1 Dodging
 - Level 3.1 Stealth
 + Level 8.7 Spellcasting
 - Level 4.0 Conjurations
 - Level 0.8 Transmutations
 - Level 15.4 Earth Magic


You had 15 spell levels left.
You knew the following spells:

 Your Spells              Type           Power        Failure   Level
a - Sandblast             Erth           ######       0%          1
w - Passwall              Tmut/Erth      #####...     1%          2
x - Stone Arrow           Conj/Erth      #####.       1%          3
z - Lee's Rapid Deconstr  Erth           ######....   1%          5

Your spell library contained the following spells:

 Spells                   Type           Power        Failure   Level
 Petrify                  Tmut/Erth      #####...     2%          4


Dungeon Overview and Level Annotations

Branches:
Dungeon (10/15)            Temple (1/1) D:7            Lair (0/6) D:10
  Sewer (visited)
    Orc: D:9-12

Altars:
Ashenzari
Cheibriados
Dithmenos
Elyvilon
Hepliaklqana
Kikubaaqudgha
Makhleb
Nemelex Xobeh
Okawaru
Qazlal
Ru
Trog
Uskayaw
Jiyva

Annotations:
D:4 2 runed translucent doors, p0werm0de's ghost, amateur MiFi


Innate Abilities, Weirdness & Mutations

You are resistant to damage.
You can heal yourself by infusing magical energy.
You passively map the area around you.
You do not regenerate.


Message History

Found a stone staircase leading up.
Casting: Passwall (safe; 1% risk of failure)
Confirm with . or Enter, or press ? or * to list all spells.
Press: ? - help, Dir - move target cursor A rock wall.
You begin to meditate on the wall.
You continue meditating on the rock. x2
You finish merging with the rock.
You now have 6/22 mp.
Casting: Passwall (safe; 1% risk of failure)
Confirm with . or Enter, or press ? or * to list all spells.
Press: ? - help, Dir - move target cursor A rock wall.
You begin to meditate on the wall.
You continue meditating on the rock. x2
You finish merging with the rock.
You now have 5/22 mp.
Casting: Passwall (safe; 1% risk of failure)
Confirm with . or Enter, or press ? or * to list all spells.
Press: ? - help, Dir - move target cursor A rock wall.
You begin to meditate on the wall.
You continue meditating on the rock. x2
You finish merging with the rock.
You now have 3/22 mp.
Casting: Passwall (safe; 1% risk of failure)
Confirm with . or Enter, or press ? or * to list all spells.
Press: ? - help, Dir - move target cursor A rock wall.
You begin to meditate on the wall.
You continue meditating on the rock. x3
You finish merging with the rock.
You now have 3/22 mp.
H - a scroll labeled PEWESYDUCS A bullfrog skeleton comes into view.
Casting: Passwall (safe; 1% risk of failure)
Confirm with . or Enter, or press ? or * to list all spells.
Aiming: Sandblast (safe; 0% risk of failure)
Press: ? - help, Shift-Dir - straight line, f - bullfrog skeleton
Aim: a bullfrog skeleton (wandering, hasn't noticed you)
The blast of sand hits the bullfrog skeleton!!
The bullfrog skeleton is almost destroyed.
h - 69 stones You now have 3/22 mp.
Casting: Sandblast (safe; 0% risk of failure)
Confirm with . or Enter, or press ? or * to list all spells.
Aiming: Sandblast (safe; 0% risk of failure)
Press: ? - help, Shift-Dir - straight line, f/p - bullfrog skeleton
Aim: a bullfrog skeleton (almost destroyed)
The blast of sand hits the bullfrog skeleton!
You destroy the bullfrog skeleton!
Makhleb accepts your kill.
You feel better.
h - 68 stones You regained 6 hp, and now have 19/74 hp.
You now have 2/22 mp.
A basilisk comes into view.
The basilisk hisses angrily.
A death yak and an elephant come into view.
The elephant trumpets!
The death yak bellows!
Found a trident.
Found a staircase to the Lair.
Casting: Sandblast (safe; 0% risk of failure)
Confirm with . or Enter, or press ? or * to list all spells.
Aiming: Sandblast (safe; 0% risk of failure)
Press: ? - help, Shift-Dir - straight line, f - basilisk
Aim: a basilisk The blast of sand hits the basilisk!!
The basilisk is severely wounded.
h - 67 stones The basilisk gazes at you.
You are slowing down.
A crocodile comes into view.
You now have 2/22 mp.
Casting: Sandblast (safe; 0% risk of failure)
Confirm with . or Enter, or press ? or * to list all spells.
Aiming: Sandblast (safe; 0% risk of failure)
Press: ? - help, Shift-Dir - straight line, f/p - basilisk
Aim: a basilisk (severely wounded)
The blast of sand hits the basilisk.
The basilisk is almost dead.
h - 66 stones Your limbs are stiffening.
You now have 1/22 mp.
Evoke which item? (* to show all) (? for menu, Esc to quit)
Aiming: Iceblast
Press: ? - help, Shift-Dir - straight line, f/p - basilisk
Aim: a basilisk (almost dead)
The mass of ice explodes!
The iceblast engulfs the death yak!
The death yak is lightly wounded.
The iceblast engulfs the elephant!
The elephant is lightly wounded.
The iceblast engulfs the basilisk!
You kill the basilisk!
Makhleb accepts your kill.
You have turned to stone.
The elephant tramples you!
* * * LOW HITPOINT WARNING * * *
You are shoved backwards!
The elephant tramples you!
* * * LOW HITPOINT WARNING * * *
You are shoved backwards!
The elephant tramples you.
You are shoved backwards!
The elephant barely misses you. x2; The death yak gores you!!
You die...

#.#.##.##.#
#.#.##.##.#
###.#....##.####
....#######....#
....'.....+....#
....#######....#
....# #....####
...## #.......#
##.# #.....@.#
#.# ####..YY# #.#
#....# #.# #..t.#
##'#### #......#*
#.....#
#.....#..#
#.....#
*.....####.#
#...(.# .)....†.
.#
#.....##..P....?.
#


You could see a death yak, an elephant and a crocodile.

Vanquished Creatures
  2 two-headed ogres
  A centaur zombie (D:10)
  A hippogriff (D:7)
  5 yaks (D:10)
  A basilisk (D:10)
  2 steam dragons
  Menkaure (D:5)
  A water moccasin (D:5)
  An ice beast (D:10)
  An orc warrior (D:8)
  2 sky beasts
  2 necrophages
  5 ogres
  6 centaurs
  A big kobold (Sewer)
  7 bullfrogs
  2 scorpions
  3 howler monkeys
  A bullfrog zombie (D:10)
  7 jellies
  2 centaur skeletons
  4 hounds
  6 orc priests
  3 bullfrog skeletons
  An orc wizard (D:5)
  10 iguanas
  Ijyb (D:4)
  3 worker ants
  A hound zombie (D:10)
  2 worker ant zombies
  2 howler monkey zombies (D:5)
  17 adders
  7 gnolls
  A river rat (Sewer)
  3 shadow imps
  3 white imps
  An ufetubus (D:6)
  3 adder skeletons
  4 worms
  9 leopard geckos
  18 orcs
  2 ball pythons (D:2)
  5 bats
  8 giant cockroaches
  11 goblins
  14 hobgoblins
  16 jackals
  4 quokkas
  6 frilled lizards
  10 kobolds
  A leopard gecko skeleton (D:5)
  10 rats
240 creatures vanquished.

Notes
Turn   | Place    | Note
-------+----------+-------------------------------------------
     0 | D:1      | Irenicus the Deep Dwarf Earth Elementalist began the quest
                  | for the Orb.
     0 | D:1      | Reached XP level 1. HP: 15/15 MP: 3/3
   142 | D:1      | Reached skill level 2 in Spellcasting
   220 | D:1      | Reached XP level 2. HP: 22/22 MP: 1/5
   294 | D:1      | Found a sparkling altar of Nemelex Xobeh.
   424 | D:2      | Reached skill level 5 in Earth Magic
   424 | D:2      | Reached XP level 3. HP: 22/28 MP: 0/6
   555 | D:2      | Reached XP level 4. HP: 25/36 MP: 0/8
   633 | D:2      | Found an ancient bone altar of Kikubaaqudgha.
   655 | D:2      | Reached skill level 3 in Spellcasting
   808 | D:2      | Learned a level 2 spell: Passwall
   816 | D:2      | Reached skill level 6 in Earth Magic
   948 | D:3      | Found a glowing drain.
   967 | Sewer    | Entered a sewer
   975 | Sewer    | Reached XP level 5. HP: 29/42 MP: 0/9
  1019 | Sewer    | Reached skill level 7 in Earth Magic
  1051 | Sewer    | Found a white marble altar of Elyvilon.
  1359 | D:3      | Reached XP level 6. HP: 19/49 MP: 6/10
  1375 | D:3      | Noticed a shadow
  1376 | D:3      | Found a shadowy altar of Dithmenos.
  1378 | D:3      | Found a hazy altar of Hepliaklqana.
  1457 | D:3      | Learned a level 3 spell: Stone Arrow
  1495 | D:4      | HP: 9/49 [iguana (10)]
  1501 | D:4      | Reached skill level 3 in Stealth
  1501 | D:4      | Reached skill level 8 in Earth Magic
  1527 | D:4      | HP: 8/49 [quokka (1)]
  1660 | D:4      | Reached skill level 9 in Earth Magic
  1682 | D:4      | Noticed Ijyb
  1721 | D:4      | Reached XP level 7. HP: 42/55 MP: 6/11
  1729 | D:4      | Killed Ijyb
  1744 | D:4      | Found a burning altar of Makhleb.
  1747 | D:4      | Became a worshipper of Makhleb the Destroyer
  1841 | D:4      | Found a runed translucent door.
  1844 | D:4      | Noticed p0werm0de's ghost (amateur MiFi)
  1948 | D:4      | Reached skill level 10 in Earth Magic
  1976 | D:4      | Found a runed translucent door.
  2078 | D:5      | Entered Level 5 of the Dungeon
  2097 | D:5      | Reached skill level 1 in Conjurations
  2130 | D:5      | Reached skill level 2 in Conjurations
  2155 | D:5      | HP: 13/55 [centaur/arrow (5)]
  2156 | D:5      | HP: 4/55 [centaur/arrow (5)]
  2171 | D:5      | Reached skill level 3 in Conjurations
  2221 | D:5      | Reached XP level 8. HP: 25/61 MP: 2/12
  2315 | D:5      | Reached * piety under Makhleb
  2408 | D:5      | Reached skill level 4 in Conjurations
  2441 | D:5      | Reached skill level 11 in Earth Magic
  2532 | D:5      | Noticed Menkaure
  2536 | D:5      | Killed Menkaure
  2661 | D:6      | Reached skill level 12 in Earth Magic
  2815 | D:6      | Found a snail-covered altar of Cheibriados.
  2852 | D:6      | Learned a level 5 spell: Lee's Rapid Deconstruction
  2877 | D:7      | Noticed a hippogriff
  2880 | D:7      | Killed a hippogriff
  2968 | D:7      | Reached skill level 13 in Earth Magic
  2985 | D:7      | Reached ** piety under Makhleb
  2985 | D:7      | Gained mutation: You passively map the area around you.
                  | [Deep Dwarf growth]
  2985 | D:7      | Reached XP level 9. HP: 50/67 MP: 0/13
  2993 | D:7      | Found a staircase to the Ecumenical Temple.
  3002 | Temple   | Entered the Ecumenical Temple
  3136 | D:7      | Reached skill level 14 in Earth Magic
  3177 | D:7      | Found a stormy altar of Qazlal.
  3430 | D:8      | Noticed a two-headed ogre
  3440 | D:8      | Killed a two-headed ogre
  3440 | D:8      | Reached skill level 15 in Earth Magic
  3479 | D:8      | Found a hide-covered altar of Uskayaw.
  3524 | D:8      | Reached skill level 4 in Spellcasting
  3735 | D:9      | Found a viscous altar of Jiyva.
  3804 | D:9      | Reached skill level 5 in Spellcasting
  3807 | D:9      | Reached XP level 10. HP: 50/74 MP: 2/17
  3828 | D:9      | Reached *** piety under Makhleb
  3858 | D:9      | Found a sacrificial altar of Ru.
  3859 | D:9      | Found an iron altar of Okawaru.
  3859 | D:9      | Found a bloodstained altar of Trog.
  3860 | D:9      | Found a white marble altar of Elyvilon.
  3877 | D:9      | Noticed a two-headed ogre
  3882 | D:9      | HP: 18/74 [two-headed ogre/+0 dire flail (11)]
  3885 | D:9      | Killed a two-headed ogre
  3885 | D:9      | Reached skill level 6 in Spellcasting
  3936 | D:9      | Found a broken altar of Ashenzari.
  4243 | D:10     | Entered Level 10 of the Dungeon
  4331 | D:10     | Reached skill level 7 in Spellcasting
  4576 | D:10     | Reached skill level 8 in Spellcasting
  4661 | D:10     | HP: 13/74 [centaur/arrow (6)]
  4744 | D:10     | Noticed an elephant
  4744 | D:10     | Noticed a death yak
  4745 | D:10     | Found a staircase to the Lair.
  4749 | D:10     | HP: 15/74 [elephant (4)]
  4752 | D:10     | Slain by a death yak

Illustrated notes

Levels and vault maps discovered:
D:1:      dpeg_arrival_shelter, layout_loops_ring, nemelex_diamond_rough_becter
D:2:      layout_loops_cross, lemuel_doored_altar
D:3:      corexii_shack_village, layout_basic,
          riverfiend_overflow_shadow_ancestor, gup_sewer_entry_glass
D:4:      layout_loops_ring, makhleb_blood_cavern_becter, ebering_ghost_sewer_f,
          st_stairs_3, uniq_ijyb
D:5:      layout_basic, minmay_quadrilaterals, uniq_menkaure
D:6:      layout_cave_pools, cheibriados_altar_1
D:7:      layout_loops_ring, gammafunk_temple_overflow_statue, temple_hall,
          basic_altar
D:8:      layout_cave_pools, overflow_temple_1_default
D:9:      layout_basic, chequers_temple_overflow_statue_of_worship,
          nicolae_overflow_crystal_walls, st_stairs_11, jiyva_altar_1
D:10:     layout_basic, david_lair_generic
Temple:   jpeg_temple_island

Skill      XL: |  1  2  3  4  5  6  7  8  9 10 |
---------------+-------------------------------+-----
Spellcasting   | 2 3 5 8 |  8.7
Earth Magic    | 5 6 7 9 10 13 15 | 15.4
Stealth        | 3 |  3.1
Conjurations   | 3 4 |  4.0
Dodging        | |  2.1
Transmutations | |  0.8

Action                   |  1- 3 |  4- 6 |  7- 9 | 10-12 || total
-------------------------+-------+-------+-------+-------++-------
Melee: Dagger            |    13 |    93 |   124 |    42 ||   272
Throw: Dart              |       |     2 |     3 |       ||     5
 Cast: Sandblast         |    33 |    59 |    80 |    37 ||   209
       Passwall          |       |     5 |    11 |    31 ||    47
       Stone Arrow       |       |     4 |    34 |    17 ||    55
       Lee's Rapid Decon |       |       |       |     1 ||     1
Evoke: Wand              |       |       |     3 |     1 ||     4
  Use: Scroll            |       |     9 |     1 |    10 ||    20
       Potion            |       |     8 |     1 |       ||     9
 Stab: Sleeping          |     1 |     5 |     3 |     2 ||    11
Armor: Ring mail         |     7 |    32 |    58 |     4 ||   101
       Steam dragon scal |       |       |       |    10 ||    10
Dodge: Dodged            |    20 |    65 |   100 |    35 ||   220

Table legend: (Time is in decaauts)
 A = Elapsed time spent in this place.
 B = Non-inter-level travel time spent in this place.
 C = Inter-level travel time spent in this place.
 D = Time resting spent in this place.
 E = Time spent auto-exploring this place.
 F = Levels seen in this place.
 G = Mean time per level.
                   A        B        C        D        E       F      G
               +--------+--------+--------+--------+--------+-----+--------+
         Total |   4771 |   4719 |     52 |     21 |      0 |  12 |  397.6 |
       Dungeon |   4626 |   4574 |     52 |     21 |      0 |  10 |  462.6 |
        Temple |      1 |      1 |      0 |      0 |      0 |   1 |    1.0 |
         Sewer |    143 |    143 |      0 |      0 |      0 |   1 |  143.0 |
               +--------+--------+--------+--------+--------+-----+--------+

Top non-repeatable levels by time:
     D:4: 594 daAuts
     D:9: 574 daAuts
     D:5: 513 daAuts
    D:10: 508 daAuts
     D:2: 482 daAuts
     D:7: 470 daAuts
     D:3: 461 daAuts
     D:1: 412 daAuts
     D:8: 322 daAuts
     D:6: 284 daAuts
   Sewer: 143 daAuts
  Temple: 1 daAuts

Table legend:
 A = Kills in this place as a percentage of kills in entire the game.
 B = Kills by you in this place as a percentage of kills by you in the entire game.
 C = Kills by friends in this place as a percentage of kills by friends in the entire game.
 D = Other kills in this place as a percentage of other kills in the entire game.
 E = Experience gained in this place as a percentage of experience gained in the entire game.
 F = Experience gained in this place divided by the number of levels of this place that you have seen.
                   A       B       C       D       E      F
               +-------+-------+-------+-------+-------+----------------------
         Total | 100.0 | 100.0 |   N/A |   N/A | 100.0 | 816.8
       Dungeon |  96.7 |  96.7 |   N/A |   N/A |  98.8 | 968.1
         Sewer |   3.3 |   3.3 |   N/A |   N/A |   1.2 | 121.0
               +-------+-------+-------+-------+-------+----------------------
